cohdb
Replays
Latest Replays
All Replays
Popular Replays
Top Player Replays
Match Explorer
How It Works
Community
CoH3 Stats
Reddit
Sign in to upload your games and track your stats! →
Sign in with Steam
Match 42489051
Unlisted
Match 42489051
Overview
Messages
Build Orders
End
Kettenkrad Recon Vehicle
Construct Infanterie Kompanie
MG 42 Machine Gun Team
Selects Terror Battlegroup
Selects Machine Gun Camouflage
Grenadier Squad
Pioneer Squad
Grenadier Squad
Infanterie Officer Quarters
Pioneer Squad
Construct Luftwaffe Kompanie
Medical Bunker
Support Elements
Selects Contempt for the Weak
Flak 30 Anti-aircraft Gun Team
Jäger Squad
Selects No Quarter
Wirbelwind Flakpanzer
MG 42 Machine Gun Team
Jäger Squad
Wirbelwind Flakpanzer
Wirbelwind Flakpanzer
Luftwaffe Officer Quarters
Construct Panzergrenadier Kompanie
Pak 40 Anti-tank Gun Team
Pak 40 Anti-tank Gun Team
Panzergrenadier Squad
Wirbelwind Flakpanzer
Selects King Tiger Heavy Tank
Selects Propaganda Leaflet Drop
R.R.
NoLifeIsPower
ko11
Insomniac
0
0
Comments
sign in to comment!
No comments posted yet!